AoeStats
← Herby

Arena

509736486Analyzed
1v1 RM · 4d ago on Sep 27, 2026· 24m 55s· 2 players
Game mode
Random Map
Map size
Tiny (2 player)
Population
200
Speed
Normal
Resources
Standard
Victory
Conquest
Starting age
Dark Age
Ending age
Imperial Age
RankedLock teamsTeams togetherTeam positionsShared explorationLock speedFull tech treeHidden civsTurbo modeCheats
Victory
Defeat
🇲🇽 Khmer · Mexico
1302
+18
🇹🇼 Turks · Taiwan
1337
-18
Herby
2:38 Loom
9:47 Feudal Age
13:21 Castle Age
14:52 Double-Bit Axe
14:59 Gold Mining
16:52 Bow Saw
24:50 Ballistics
Feather
10:35 Feudal Age
14:36 Castle Age
14:51 Double-Bit Axe
14:48 Horse Collar
15:26 Loom
20:03 Padded Archer Armor
Connection lost

Rejoining the realm…

Still unreachable

The connection could not be restored.

Session expired

The server has moved on; the page needs a fresh start.